 Dungeon Crawl Stone Soup version 0.20-a0-351-gc9b4002 (webtiles) character file.

32 HAL9000 the Vexing (level 3, 0/16 HPs)
             Began as a Vine Stalker Enchanter on Dec 25, 2016.
             Killed from afar by Sigmund (7 damage)
             ... with a puff of flame
             ... on level 2 of the Dungeon.
             The game lasted 00:02:51 (1477 turns).

HAL9000 the Vexing (Vine Stalker Enchanter)         Turns: 1477, Time: 00:02:52

Health: 0/16       AC:  3    Str: 11    XL:     3   Next: 25%
Magic:  0/7        EV: 12    Int: 15    God:
Gold:   34         SH:  0    Dex: 14    Spells: 0/6 levels left

rFire  . . .     SeeInvis .     k - +0 short sword (flame)
rCold  . . .     Gourm    .     b - +1 robe
rNeg   . . .     Faith    .     (no shield)
rPois  .         Spirit   +     (no helmet)
rElec  .         Reflect  .     (no cloak)
rCorr  .         Harm     .     (no gloves)
MR     .....                    (no boots)
Stlth  ++........               (no amulet)
                                (no ring)
                                (no ring)

@: no status effects
A: fangs 2, magic shield, antimagic bite, no device heal 3, rot immunity
a: no special abilities


You were on level 2 of the Dungeon.
You were not hungry.

You visited 1 branch of the dungeon, and saw 2 of its levels.

You collected 34 gold pieces.

Inventory:

Hand Weapons
 a - a +1 dagger
 k - a +0 short sword of flaming (weapon)
Armour
 b - a +1 robe (worn)
Scrolls
 g - 4 scrolls of remove curse {unknown}
 j - 2 scrolls of identify {unknown}
 m - a scroll of teleportation {unknown}
Potions
 i - a potion of magic {unknown}
Books
 c - a book of Maledictions

   Spells                             Type                      Level
   a - Corona                         Hexes                        1
   b - Ensorcelled Hibernation        Hexes/Ice                    2
   c - Confuse                        Hexes                        3
   d - Tukima's Dance                 Hexes                        3
   e - Dazzling Spray                 Conjuration/Hexes            3
Comestibles
 d - a bread ration
 l - a beef jerky


   Skills:
 + Level 2.0 Short Blades
 - Level 1.5 Dodging
 - Level 3.6 Stealth
 - Level 2.1 Spellcasting
 * Level 3.7 Hexes


You couldn't memorise any spells.
You knew the following spells:

 Your Spells              Type           Power        Failure   Level  Hunger
a - Corona                Hex            ##.....      6%          1    #......
x - Confuse               Hex            ##......     17%         3    ###....
z - Ensorcelled Hibernat  Hex/Ice        #.....       17%         2    ###....


Dungeon Overview and Level Annotations

Branches:
Dungeon (2/15)

Altars:

Annotations:
D:2 Sigmund


Innate Abilities, Weirdness & Mutations

You have extremely sharp teeth.
When hurt, damage is shared between your health and your magic reserves.
Your bite disrupts and absorbs the magic of your enemies.
Potions cannot restore your health.
You are immune to rotting.


Message History

The puff of flame misses you.
The hobgoblin shouts!
Unknown command.
Casting: Ensorcelled Hibernation
Confirm with . or Enter, or press ? or * to list all spells.
Aiming: Confuse
Press: ? - help, Shift-Dir - straight line, f - Sigmund
Aim: Sigmund, wielding a scythe and wearing a robe (moderately wounded, chance to defeat MR: 51%) Sigmund resists with significant effort.
Sigmund hits you with a scythe!
Ouch! That really hurt!
A bat comes into view.
Sigmund casts a spell at you. You resist with some effort.
Sigmund mumbles some strange words.
Sigmund flickers and vanishes!
Deactivating autopickup; reactivate with Ctrl-A.
A puff of flame appears from out of thin air!
The puff of flame hits you!
You die...

#..###............
#..)).......#..##
##(####...........
#.# #.#..##.##.. #.#
#....# #
#.######..##.#
#............#
########..#####
#.....@......#
#.#####......#######
#.# #..##.........
#####.#
###..#...######
..##{# #).......#
#.##.# #.####...##
###.##.###.#.....).#
#............###...#
#.#@##.###.### #...#


There were no monsters in sight!

Vanquished Creatures
  2 dart slugs
  A leopard gecko (D:1)
  A bat (D:1)
  3 giant cockroaches
  4 hobgoblins (D:1)
  4 kobolds
  A ball python (D:1)
  2 frilled lizards (D:1)
  4 goblins
  2 rats (D:2)
24 creatures vanquished.

Notes
Turn   | Place    | Note
-------+----------+-------------------------------------------
     0 | D:1      | HAL9000 the Vine Stalker Enchanter began the quest for the Orb.
     0 | D:1      | Reached XP level 1. HP: 9/9 MP: 4/4
    43 | D:1      | Reached skill level 1 in Short Blades
   356 | D:1      | Reached XP level 2. HP: 5/13 MP: 3/6
   368 | D:1      | Learned a level 2 spell: Ensorcelled Hibernation
  1278 | D:2      | Reached XP level 3. HP: 16/16 MP: 7/7
  1376 | D:2      | Noticed Sigmund
  1434 | D:2      | Learned a level 3 spell: Confuse
  1477 | D:2      | Killed from afar by Sigmund

Vault maps used:
D:1:      lightli_arrival_lavapool
D:2:      first_bread, minmay_stone_trees_small, uniq_natasha, uniq_sigmund,
          uniq_jessica

Skill      XL: |  1  2  3 |
---------------+----------+-----
Short Blades   | 1 2 |  2.0
Dodging        | |  1.5
Stealth        | |  3.6
Spellcasting   | |  2.1
Hexes          | |  3.7

Action                   || total
-------------------------++-------
Melee: Dagger            ||    44
       Bite              ||     9
       Short sword       ||    16
 Cast: Corona            ||     5
       Ensorcelled Hiber ||     7
       Confuse           ||     1
 Stab: Sleeping          ||    12
  Eat: Chunk             ||     2
Armor: Robe              ||     7
Dodge: Dodged            ||    29
